 Dungeon Crawl Stone Soup version 0.30.1 (webtiles) character file.

Game seed: 10386722806361613175

136318 kawopi the Necromancer (level 16, -12/137 HPs)
             Began as a Demigod Transmuter on July 6, 2023.
             Mangled by a kraken (40 damage)
             ... on level 4 of the Shoals.
             The game lasted 01:36:17 (48963 turns).

kawopi the Necromancer (Demigod Transmuter)        Turns: 48963, Time: 01:36:17

Health: -12/137    AC: 17    Str: 19    XL:     16   Next: 16%
Magic:  32/35      EV: 15    Int: 27    God:
Gold:   4601       SH:  0    Dex: 16    Spells: 17/35 levels left

rFire   . .          .
                       - Unarmed
rCold   + + .        (shield currently unavailable)
rNeg    . . .        q - +4 ice dragon scales
rPois   +            T - +0 helmet
rElec   +            Q - scarf {repulsion}
rCorr   .            X - melded +0 pair of gloves of Good Intentions {Rampage Str+3 Dex+5}
SInv    .            L - +0 pair of boots
Will    +....        O - amulet of the acrobat
Stlth   +            I - ring of protection from fire
HPRegen 0.42/turn    y - ring of Uvuim {Wiz rElec rPois Dex+2 Stlth+}
MPRegen 0.24/turn

%: repel missiles, acrobat, wizardry (x1)
@: blade hands, studying Ice Magic, very slow
A: high MP 1, forlorn, divine attributes
a: End Transformation


You were on level 4 of the Shoals.
You had blades for hands.
You visited 4 branches of the dungeon, and saw 26 of its levels.
You also visited: Ossuary and Ice Cave.

You collected 6139 gold pieces.
You spent 1538 gold pieces at shops.

Inventory:

Hand Weapons
 n - a +0 demon whip of venom
Armour
 d - the +1 robe of Restlessness {Regen+ Str+3}
   (You found it on level 5 of the Lair of Beasts)

   Str:       It affects your strength (+3).
   Regen:     It increases your rate of health regeneration.
 m - a scarf of resistance
 q - +4 ice dragon scales (worn)
 F - +0 steam dragon scales
 K - a +2 pair of gloves of dexterity
 L - a +0 pair of boots (worn)
 Q - a scarf of repulsion (worn)
 T - a +0 helmet (worn)
 X - the +0 pair of gloves of Good Intentions (melded) {Rampage Str+3 Dex+5}
   (You bought it in a shop on level 1 of the Shoals)

   Str:       It affects your strength (+3).
   Dex:       It affects your dexterity (+5).
   Rampage:   It bestows one free step when moving towards enemies.
Magical Staves
 r - a staff of death
Jewellery
 c - the ring "Ahoiboid" {rC+ EV+5 Dex+3}
   (You acquired it on level 5 of the Dungeon)

   [ring of evasion]

   EV:        It affects your evasion (+5).
   Dex:       It affects your dexterity (+3).
   rC:        It protects you from cold.
 h - a ring of positive energy
 t - a +4 ring of protection
 v - a +6 ring of intelligence
 y - the ring of Uvuim (right blade hand) {Wiz rElec rPois Dex+2 Stlth+}
   (You bought it in a shop on level 5 of the Dungeon)

   [ring of wizardry]

   It improves your spell success rate.
   Dex:       It affects your dexterity (+2).
   rElec:     It insulates you from electricity.
   rPois:     It protects you from poison.
   Stlth:     It makes you more stealthy.
 E - an amulet of magic regeneration
 G - a ring of protection from cold
 I - a ring of protection from fire (left blade hand)
 M - a ring of fire
 O - an amulet of the acrobat (around neck)
 R - a +6 ring of strength
Wands
 g - a wand of charming (14)
 k - a wand of flame (54)
 w - a wand of roots (35)
 J - a wand of polymorph (1)
Scrolls
 a - 4 scrolls of immolation
 l - 8 scrolls of teleportation
 s - 3 scrolls of enchant weapon
 x - 8 scrolls of amnesia
 z - 11 scrolls of identify
 C - a scroll of brand weapon
 N - a scroll of silence
 V - a scroll of torment
 W - a scroll of magic mapping
Potions
 b - 4 potions of lignification
 e - 6 potions of flight
 f - 2 potions of ambrosia
 j - 3 potions of magic
 u - 5 potions of attraction
 A - 7 potions of mutation
 B - a potion of curing
 H - 2 potions of brilliance


   Skills:
 + Level 11.2 Fighting
 - Level 5.2 Armour
 + Level 11.3 Dodging
 + Level 11.4 Unarmed Combat
 + Level 10.3 Spellcasting
 - Level 8.3 Conjurations
 * Level 15.1 Necromancy
 - Level 10.2 Transmutations


You had 17 spell levels left.
You knew the following spells:

 Your Spells              Type           Power      Damage    Failure   Level
a - Blade Hands           Tmut           31%        N/A       16%         5
b - Wereblood             Tmut           62%        N/A       4%          2
c - Ice Form              Ice/Tmut       41%        N/A       28%         4
d - Passwall              Tmut/Erth      34%        N/A       10%         2
e - Fireball              Conj/Fire      18%        3d9       61%         5

Your spell library contained the following spells:

 Spells                   Type           Power      Damage    Failure   Level
 Beastly Appendage        Tmut           100%       N/A       3%          1
 Kiss of Death            Conj/Necr      100%       2d13      3%          1
 Dispel Undead            Necr           77%        3d25      4%          4
 Cigotuvi's Dreadful Rot  Necr/Pois/Air  82%        N/A       10%         2
 Spider Form              Tmut/Pois      41%        N/A       14%         3
 Ignite Poison            Fire/Tmut/Pois 32%        N/A       21%         3
 Iskenderun's Battlesphe  Conj           56%        2d11      24%         5
 Ensorcelled Hibernation  Hex/Ice        26%        N/A       32%         2
 Flame Wave               Conj/Fire      36%        2d10      36%         4
 Sticky Flame             Conj/Fire      36%        2d6       36%         4
 Confusing Touch          Hex            13%        N/A       47%         3
 Gell's Gravitas          Tloc           13%        N/A       47%         3
 Inner Flame              Hex/Fire       13%        N/A       47%         3
 Teleport Other           Tloc           13%        N/A       47%         3
 Freezing Cloud           Conj/Ice/Air   14%        6-21      75%         5
 Conjure Ball Lightning   Conj/Air       18%        3x3d6     96%         6
 Orb of Destruction       Conj           28%        9d9       96%         7
 Dispersal                Tloc           6%         N/A       100%        6
 Storm Form               Tmut/Air       20%        N/A       100%        7
 Ignition                 Fire           6%         3d4       100%        8


Dungeon Overview and Level Annotations

Branches:
Dungeon (15/15)            Temple (0/1) D:4            Lair (5/5) D:10
 Shoals (4/4) Lair:2        Snake (0/4) Lair:2          Orc (2/2) D:9
    Elf (0/3) Orc:2        Vaults (0/5) D:13         Depths (0/4) D:15
Ossuary (visited)           IceCv (visited)
  Slime: Lair:4-5

Shops:
D:2 ?   D:5 (==[(   D:12 :   Orc:2 :*[(*   Shoals:1 *   Shoals:2 (

Portals:
Abyss: Lair:5

Annotations:
D:3 3 runed translucent doors, GimliDwarf's ghost, amateur GnWn
D:4 exclusion: statue
D:6 3 runed translucent doors, croobank's ghost, novice GnTm
D:8 4 runed translucent doors
D:14 3 runed translucent doors, Secest's ghost, journeyman DrFi
Lair:4 exclusion: 2 oklob plants
Orc:2 3 runed translucent doors, Rupert; sheffield53's ghost, journeyman MiBe


Innate Abilities, Weirdness & Mutations

You have blades for hands.
Your spellcasting is less reliable in this form.
You are incapable of wielding weapons or throwing items.
You have an increased reservoir of magic. (+10% MP)
You shall have no god before yourself.
Your divine heritage dramatically boosts your attributes as you level up.


Message History

The tentacle is almost dead.
The tentacle slaps you.
The tentacle slaps you but does no damage.
The tentacle misses you. The kraken closely misses you.
Your unstable footing causes you to fumble your attack.
The tentacle slaps you!
The tentacle slaps you but does no damage.
The tentacle misses you. The tentacle completely misses you.
The kraken misses you. The tentacle barely misses you.
The tentacle slaps you but does no damage.
The tentacle barely misses you. The tentacle misses you.
You slice the tentacle!!
You kill the tentacle!
The kraken bites you but does no damage.
The tentacle slaps you!
The tentacle slaps you but does no damage.
The tentacle misses you.
You hit the tentacle.
The tentacle is lightly wounded.
A tentacle rises from the water!
The tentacle slaps you but does no damage. x3
A tentacle comes into view.
Your unstable footing causes you to fumble your attack.
The tentacle slaps you but does no damage.
The tentacle barely misses you. The tentacle completely misses you.
The kraken bites you!!! The tentacle barely misses you.
The tentacle slaps you!!
* * * LOW HITPOINT WARNING * * *
The tentacle slaps you!
* * * LOW HITPOINT WARNING * * *
The kraken completely misses you.
You hear a shout!
Your unstable footing causes you to fumble your attack.
The tentacle misses you.
The tentacle slaps you but does no damage.
A tentacle segment bursts forth from the water.
The tentacle barely misses you.
A tentacle segment bursts forth from the water. x2
The kraken bites you!!!
You die...

≈≈≈≈≈ ≈≈m≈≈≈≈≈≈≈≈≈≈≈≈≈≈≈≈≈≈≈≈
≈≈≈≈≈≈≈≈ ≈≈≈≈≈≈≈≈≈≈≈≈≈≈≈≈≈≈≈≈≈≈≈
≈≈≈≈≈≈≈≈ ≈≈≈≈≈≈≈≈≈~~~~≈≈≈~≈~~~~≈
≈≈≈≈≈≈≈≈≈≈≈≈≈≈≈≈~~~~~~~~~~~~~~~~~
~≈≈≈≈≈≈≈≈≈≈≈≈≈~~~~~~~~~~~~~~~~~~~
~~≈~~~~≈≈≈≈######~~~~~~~~~~~~~~~~
~~~~~~~~≈≈##~~~~~#~.......~~~~~.~
~~~~~~~~~##~~~~w#~#)........~~.#)
~~~~~~~~~#≈.~#≈w@#~#........÷)...
..~~~~~~~#≈~≈≈≈X~w~#.........~~~~
.........#≈~≈##≈≈~~#~.....÷.÷~~)~
.........#≈.. #≈#~~#~~....)...~~~
.........#≈# ~≈≈~~~#~~~...~~~~~~~
.........## #~~~~~##...~..~~~~~~≈
..........##≈≈≈≈≈##....~..~~~~~≈≈
...........#######.###..~~~~≈≈≈≈≈
.######...†..~~~~~.# #..~≈≈≈≈≈≈≈≈


You could see a kraken and 3 tentacles.

Vanquished Creatures
  Polyphemus (Shoals:3)
  Ilsuiw (Shoals:2)
  A very ugly thing (D:10)
  An orc warlord (Orc:2)
  An ironbound preserver (D:13)
  Snorg (D:14)
  3 merfolk javelineers
  4 merfolk impalers
  Josephine (Orc:2)
  A rakshasa (D:15)
  2 hydras
  3 boulder beetles
  A merfolk avatar (Shoals:1)
  Erica (D:9)
  3 catoblepae
  5 merfolk aquamancers
  8 centaur warriors
  2 two-headed ogres
  A satyr (Shoals:4)
  2 alligator snapping turtles
  2 death yaks (Shoals:3)
  3 thrashing horrors (Lair:5)
  5 tengu warriors
  2 orc high priests (Orc:2)
  Amaemon (D:9)
  5 skysharks
  A skeletal warrior (D:13)
  A deep troll (D:12)
  2 lindwurms (Lair:4)
  5 sea snakes
  2 large abominations (Lair:5)
  10 harpies
  6 orc knights
  7 orc sorcerers
  6 wizards
  3 deep elf pyromancers
  2 wolf spiders (D:15)
  A necromancer (IceCv)
  11 ugly things
  14 fauns
  7 manticores
  4 cyclopes
  7 black mambas
  5 elephants (Lair:5)
  6 merfolk sirens
  An ice statue (IceCv)
  4 water nymphs
  An orange demon (D:9)
  A smoke demon (Lair:5)
  A cane toad (shapeshifter) (D:14)
  Maggie (D:7)
  A gargoyle (D:13)
  12 cane toads
  2 kobold demonologists
  4 unseen horrors
  3 freezing wraiths (IceCv)
  6 komodo dragons
  3 rime drakes
  2 ancient zymes (Lair:5)
  2 efreet
  13 ice devils (IceCv)
  A yaktaur (D:15)
  12 trolls
  A burning bush (Lair:2)
  5 polar bears
  3 meliai (D:15)
  4 wind drakes
  18 merfolk
  25 blink frogs
  2 dream sheep (Shoals:2)
  6 snapping turtles
  A slime creature (D:14)
  3 shadows
  A dire elephant simulacrum (IceCv)
  4 ynoxinuls (Lair:5)
  41 yaks
  3 vampires
  4 wyverns
  7 basilisks
  6 wraiths
  2 chaos spawn (Lair:5)
  18 water elementals
  A steam dragon (D:9)
  4 death yak simulacra
  11 vampire mosquitoes
  2 wargs (Orc:2)
  2 harpy simulacra (IceCv)
  6 small abominations (Lair:5)
  4 hydra simulacra (IceCv)
  Duvessa (D:5)
  11 water moccasins
  A black bear (Lair:1)
  A sky beast (D:7)
  32 orc warriors
  A black bear (shapeshifter) (D:13)
  7 ogres
  11 centaurs
  15 wolves
  7 kobold brigands
  A phantom (D:6)
  5 scorpions
  14 bullfrogs
  A gnoll sergeant (D:9)
  4 cane toad simulacra
  6 wights
  2 two-headed ogre simulacra (IceCv)
  Dowan (D:5)
  An elephant simulacrum (IceCv)
  3 killer bees (D:11)
  8 howler monkeys
  2 vampire bats (D:14)
  4 centaur zombies (Ossuary)
  4 jellies
  14 orc priests
  2 hounds
  2 gnoll boudas
  4 sleepcaps
  Jessica (D:2)
  5 iguanas
  17 orc wizards
  A troll simulacrum (D:12)
  9 polar bear simulacra
  6 wolf simulacra (IceCv)
  6 mummies (Ossuary)
  12 gnolls
  4 naga simulacra
  3 adders
  A shadow imp (D:5)
  3 white imps
  2 ufetubi
  5 dart slugs
  76 orcs
  5 ball pythons
  11 bats
  4 endoplasms
  A giant cockroach (D:3)
  A hobgoblin (D:4)
  2 quokkas
  3 frilled lizards
  8 goblins
  3 hobgoblin zombies (Ossuary)
  22 kobolds
  8 rats
  A tentacle (Shoals:4)
800 creatures vanquished.

Vanquished Creatures (others)
  A merfolk impaler (Shoals:2)
  A merfolk aquamancer (Shoals:4)
  An ufetubus (IceCv)
3 creatures vanquished.

Grand Total: 803 creatures vanquished

Notes
Turn   | Place    | Note
-------+----------+-------------------------------------------
     0 | D:1      | kawopi the Demigod Transmuter began the quest for the Orb.
     0 | D:1      | Reached XP level 1. HP: 15/15 MP: 5/5
   128 | D:1      | Reached skill level 1 in Fighting
   300 | D:1      | Reached XP level 2. HP: 23/23 MP: 5/7
   354 | D:1      | Learned a level 2 spell: Wereblood
   812 | D:1      | Identified 4 scrolls of acquirement
   812 | D:1      | Acquired 696 gold pieces
   901 | D:2      | Reached skill level 1 in Conjurations
  1112 | D:2      | Found Naham's Magic Scroll Emporium.
  1578 | D:2      | Reached XP level 3. HP: 24/28 MP: 6/8
  1782 | D:2      | Noticed Jessica
  1786 | D:2      | Killed Jessica
  2092 | D:3      | Noticed a scorpion
  2105 | D:3      | Killed a scorpion
  2106 | D:3      | Reached XP level 4. HP: 33/36 MP: 7/10
  2321 | D:3      | Found a runed translucent gate.
  2321 | D:3      | Found a runed translucent gate.
  2511 | D:3      | Found a runed translucent gate.
  2511 | D:3      | Noticed GimliDwarf's ghost (amateur GnWn)
  2934 | D:4      | Reached XP level 5. HP: 32/41 MP: 8/11
  3255 | D:4      | Found a staircase to the Ecumenical Temple.
  3802 | D:4      | Learned a level 4 spell: Ice Form
  3803 | D:5      | Entered Level 5 of the Dungeon
  3888 | D:5      | Found Erphulext's Weapon Shoppe.
  3895 | D:5      | Found Beremamp's Armour Boutique.
  3909 | D:5      | Found Qeah's Jewellery Shop.
  4056 | D:5      | Found Weukoch's Jewellery Boutique.
  4064 | D:5      | Bought the ring of Uvuim {Wiz rElec rPois Dex+2 Stlth+} for
                  | 552 gold pieces
  4109 | D:5      | Reached XP level 6. HP: 47/48 MP: 8/12
  4190 | D:5      | Found Xeffuvir's Weapon Shoppe.
  4199 | D:5      | Acquired 809 gold pieces
  4201 | D:5      | Acquired 1314 gold pieces
  4203 | D:5      | Acquired the ring "Ahoiboid" {rC+ EV+5 Dex+3}
  4368 | D:5      | Noticed Dowan
  4372 | D:5      | Noticed Duvessa
  4768 | D:5      | Killed Duvessa
  4769 | D:5      | Reached XP level 7. HP: 53/56 MP: 8/14
  4822 | D:5      | Killed Dowan
  5586 | D:6      | Noticed a wyvern
  5590 | D:6      | Found a runed translucent gate.
  5590 | D:6      | Found a runed translucent gate.
  5590 | D:6      | Found a runed translucent gate.
  5591 | D:6      | Noticed croobank's ghost (novice GnTm)
  6202 | D:6      | Reached XP level 8. HP: 63/63 MP: 12/16
  6557 | D:7      | Reached skill level 5 in Transmutations
  6761 | D:7      | Noticed Maggie
  6789 | D:7      | Killed Maggie
  6965 | D:7      | Found a sand-covered staircase.
  6978 | Ossuary  | Entered an ossuary
  6993 | Ossuary  | Reached skill level 5 in Conjurations
  7567 | D:7      | Acquired 661 gold pieces
  7809 | D:7      | Reached XP level 9. HP: 71/71 MP: 16/18
  8287 | D:8      | Reached skill level 5 in Unarmed Combat
  8641 | D:8      | Noticed a freezing wraith
  8641 | D:8      | Noticed a skeletal warrior
  8641 | D:8      | Noticed a skeletal warrior
  8642 | D:8      | Found a runed translucent door.
  8644 | D:8      | Noticed a cyclops
  8644 | D:8      | Noticed an orc knight
  8644 | D:8      | Noticed a skeletal warrior
  8644 | D:8      | Noticed a cyclops
  8707 | D:8      | Found a runed translucent gate.
  8707 | D:8      | Found a runed translucent gate.
  8707 | D:8      | Found a runed translucent gate.
  8707 | D:8      | Noticed a green ugly thing
  8708 | D:8      | Noticed a red ugly thing
  8708 | D:8      | Noticed a brown ugly thing
  8708 | D:8      | Noticed a purple ugly thing
  8708 | D:8      | Noticed a glowing orange brain
  9093 | D:8      | Got the Atlas of Transmuted Chilblains
  9237 | D:8      | Learned a level 5 spell: Blade Hands
  9646 | D:8      | Noticed a kobold demonologist
  9663 | D:8      | Killed a kobold demonologist
  9664 | D:8      | Reached skill level 5 in Dodging
 10497 | D:9      | Reached XP level 10. HP: 66/80 MP: 14/20
 10576 | D:9      | You fall into a shaft and drop 2 floors!
 10583 | D:11     | Noticed a white ugly thing
 10592 | D:11     | Killed a white ugly thing
 10773 | D:10     | Entered Level 10 of the Dungeon
 10843 | D:9      | Found a staircase to the Orcish Mines.
 10930 | D:9      | Noticed Erica
 10944 | D:9      | Killed Erica
 10945 | D:9      | Reached skill level 5 in Fighting
 10945 | D:9      | Reached skill level 5 in Spellcasting
 11006 | D:9      | Noticed Amaemon
 11017 | D:9      | Killed Amaemon
 11343 | D:9      | Noticed a moth of wrath
 11364 | D:9      | Identified the +6 hand axe of the Bouncing Leylines
                  | {freeze, Fly rC++ Int-4}
 12451 | D:10     | Noticed a two-headed ogre
 12460 | D:10     | Killed a two-headed ogre
 12672 | D:10     | Noticed a red ugly thing
 12672 | D:10     | Noticed a cyan ugly thing
 12675 | D:10     | Noticed a cyan ugly thing
 12677 | D:10     | Noticed a cyan ugly thing
 12680 | D:10     | Killed a red ugly thing
 12681 | D:10     | Reached XP level 11. HP: 81/88 MP: 18/23
 13522 | D:10     | Noticed a wizard
 13901 | D:10     | Found a staircase to the Lair.
 13948 | Lair:1   | Entered Level 1 of the Lair of Beasts
 13974 | Lair:1   | Reached skill level 1 in Armour
 14757 | Lair:1   | Noticed a seven-headed hydra
 14769 | Lair:1   | Killed a seven-headed hydra
 14887 | Lair:1   | Identified the +1 ring mail of Misanthropy {rN++}
 15318 | Lair:1   | You fall into a shaft and drop 1 floor!
 15546 | Lair:2   | Noticed an eight-headed hydra
 15555 | Lair:2   | Found a staircase to the Shoals.
 16380 | Lair:2   | Reached XP level 12. HP: 97/97 MP: 21/25
 16398 | Lair:2   | Killed an eight-headed hydra
 16933 | Lair:2   | Found a staircase to the Snake Pit.
 17057 | Lair:2   | Reached skill level 10 in Transmutations
 17590 | Lair:3   | Noticed a catoblepas
 17621 | Lair:3   | Killed a catoblepas
 18024 | Lair:3   | Identified the +10 great sword "Sumobb" {protect, Drain
                  | rCorr Dex+4}
 18584 | Lair:3   | Reached skill level 1 in Necromancy
 19047 | Lair:4   | Reached skill level 2 in Necromancy
 19151 | Lair:4   | Reached skill level 5 in Armour
 20620 | Lair:5   | Entered Level 5 of the Lair of Beasts
 20631 | Lair:4   | Reached skill level 3 in Necromancy
 21249 | Lair:5   | Reached skill level 4 in Necromancy
 21527 | Lair:5   | Reached XP level 13. HP: 102/107 MP: 23/28
 22207 | Lair:5   | Reached skill level 5 in Necromancy
 22842 | Lair:5   | Identified the +6 quarterstaff of Zunor {freeze, rN+}
 23305 | Lair:5   | Reached skill level 6 in Necromancy
 23543 | Lair:5   | Found a one-way gate to the infinite horrors of the Abyss.
 23548 | Lair:5   | Identified the +1 robe of Restlessness {Regen+ Str+3}
 23843 | Lair:5   | Learned a level 2 spell: Passwall
 24345 | D:10     | Noticed a red very ugly thing
 24354 | D:10     | Killed a red very ugly thing
 25279 | D:12     | Found Hamn's Book Shoppe.
 25291 | D:12     | Found a frozen archway.
 25324 | IceCv    | Entered an ice cave
 25395 | IceCv    | Reached skill level 7 in Necromancy
 26014 | IceCv    | Reached XP level 14. HP: 66/116 MP: 22/30
 26525 | D:12     | Noticed Nessos
 26530 | D:12     | Nessos changed into Nessos the deep troll
 26530 | D:12     | Noticed Nessos
 26540 | D:12     | Killed Nessos the deep troll
 27333 | D:12     | Reached skill level 8 in Necromancy
 28085 | D:13     | Found a gate to the Vaults.
 28085 | D:13     | Noticed an ironbound preserver
 28097 | D:13     | Killed an ironbound preserver
 28410 | D:13     | Reached skill level 9 in Necromancy
 28843 | D:14     | Found a runed translucent gate.
 28852 | D:14     | Found a runed translucent gate.
 28852 | D:14     | Found a runed translucent gate.
 28880 | D:14     | Noticed Snorg
 28894 | D:14     | Killed Snorg
 29503 | D:14     | Identified the ring of the Jester {rElec rF- Will+ Str-3
                  | Int+8}
 29649 | D:14     | Reached skill level 10 in Necromancy
 30256 | D:14     | Noticed Secest's ghost (journeyman DrFi)
 30279 | D:15     | Entered Level 15 of the Dungeon
 30946 | D:15     | Reached skill level 10 in Unarmed Combat
 31795 | D:15     | Reached skill level 11 in Necromancy
 31826 | D:15     | Reached skill level 10 in Dodging
 31828 | D:15     | Found a staircase to the Depths.
 32868 | Shoals:1 | Entered Level 1 of the Shoals
 33382 | Shoals:1 | Reached skill level 10 in Fighting
 33446 | Shoals:1 | Reached XP level 15. HP: 110/126 MP: 30/33
 33999 | Shoals:1 | Reached skill level 12 in Necromancy
 34267 | Shoals:1 | Found Yckiff's Assorted Antiques.
 34281 | Shoals:1 | Bought a scroll of blinking for 255 gold pieces
 34281 | Shoals:1 | Bought a potion of invisibility for 272 gold pieces
 34281 | Shoals:1 | Bought a potion of might for 136 gold pieces
 34281 | Shoals:1 | Bought a pair of jewelled gloves for 323 gold pieces
 34281 | Shoals:1 | Identified the +0 pair of gloves of Good Intentions
                  | {Rampage Str+3 Dex+5} (You bought it in a shop on level 1
                  | of the Shoals)
 34388 | Shoals:2 | Noticed Ilsuiw
 34434 | Shoals:2 | Killed Ilsuiw
 36189 | Shoals:2 | Found Oka Fusa's Antique Weapon Emporium.
 38208 | Shoals:3 | Reached skill level 13 in Necromancy
 38802 | Shoals:3 | Noticed Polyphemus
 38829 | Shoals:3 | Killed Polyphemus
 39281 | Shoals:3 | HP: 4/128 [faun/+0 club (4)]
 40923 | Shoals:3 | Learned a level 5 spell: Fireball
 41052 | Orc:1    | Entered Level 1 of the Orcish Mines
 41307 | Orc:2    | Entered Level 2 of the Orcish Mines
 41307 | Orc:2    | Found Unuol's General Store.
 41353 | Orc:2    | Noticed Rupert
 41368 | Orc:1    | Reached skill level 14 in Necromancy
 42297 | Orc:2    | Found Xojaitul's Antique Weapon Emporium.
 42341 | Orc:2    | Reached skill level 10 in Spellcasting
 42719 | Orc:2    | Found Zaoz's Antique Armour Boutique.
 42720 | Orc:2    | Noticed Josephine
 42736 | Orc:2    | Killed Josephine
 42776 | Orc:2    | Found a runed translucent gate.
 42776 | Orc:2    | Found a runed translucent gate.
 42776 | Orc:2    | Found a runed translucent gate.
 42777 | Orc:2    | Noticed sheffield53's ghost (journeyman MiBe)
 43069 | Orc:2    | Identified the +5 rapier of Due Proportion {freeze, Int+3
                  | Dex+3}
 43314 | Orc:2    | Found Winaleq's General Store.
 43409 | Orc:2    | Found a staircase to the Elven Halls.
 43498 | Orc:2    | Found Qacwa's Book Emporium.
 45079 | Shoals:4 | Entered Level 4 of the Shoals
 46418 | Shoals:4 | Reached XP level 16. HP: 82/137 MP: 13/35
 48394 | Shoals:4 | Noticed a kraken
 48397 | Shoals:4 | Identified the +6 scale mail of the Dragon {+Blink Will-
                  | Int+4 SInv}
 48398 | Shoals:4 | Noticed a kraken
 48400 | Shoals:4 | HP: 4/137 [merfolk/+0 trident (12)]
 48517 | Shoals:4 | Reached skill level 15 in Necromancy
 48963 | Shoals:4 | Mangled by a kraken

Illustrated notes

Levels and vault maps discovered:
D:1:      minmay_arrival_split_and_join, layout_basic,
          hellmonk_ecumenical_altar_arch_garden, supply_closet_lemuel,
          minmay_3d_cube
D:2:      layout_basic, serial_shops, nicolae_square_shop, basic_altar,
          uniq_jessica
D:3:      layout_loops_ring, ebering_ghost_rock_garden
D:4:      layout_cave_pools, vehumet_statue, lightli_temple_of_fire,
          minmay_temple_entry_overgrown
D:5:      layout_basic, serial_shops, shop, shop_statue, shop,
          nicolae_shop_stone, shop, uniq_duvessa
D:6:      layout_basic, gammafunk_ghost_split,
          hangedman_abyss_or_decor_lesser_grid, minmay_misc_feat_alley
D:7:      layout_gridville, grunt_temple_overflow_open,
          chequers_ossuary_entry_cave, uniq_maggie
D:8:      minmay_gate_of_8, layout_layer_cave,
          ploomutoo_gammafunk_ghost_potion_laboratory, special_room
          [special_room_kobold]
D:9:      layout_cross, tgw_trog, david_orc_2, uniq_erica, uniq_amaemon
D:10:     cheibrodos_breeding_chamber, layout_loops_ring,
          nicolae_hepliaklqana_hippocampus, david_lair_shrubbed
D:11:     layout_irregular_city
D:12:     layout_loops_ring, portal_ice_cave_entry_ice_simulacra, serial_shops,
          nicolae_shop_tiny_real_fake_doors, uniq_nessos
D:13:     layout_cave_pools, skrybe_vaults_entry_preservation
D:14:     minmay_octagon_keep, layout_rooms, gammafunk_ghost_necromancy,
          lemuel_doored_altar, roderic_batcave, minmay_misc_feat_enclosed,
          uniq_snorg
D:15:     hangedman_depths_entry_civil_slaughter, layout_loops_corners,
          grunt_decor_fettered
Lair:1:   beast_lair_carwin_large_2, layout_cave_pods, grunt_megastairs_4
Lair:2:   layout_concentric_octagons, minmay_shoals_entry_beasts,
          dummy_snake_entry, evilmike_ambush [evilmike_ambush_outer_basic,
          evilmike_ambush_inner_basic]
Lair:3:   layout_cave_pods, infiniplex_staircase_pool_2
Lair:4:   layout_regular_city, minmay_slime_entry_oklob_enclosed, basic_altar,
          infiniplex_staircase_pool
Lair:5:   hellmonk_lair_end_abyssal_woods, layout_cave_pods
Shoals:1: layout_shoals, serial_shops, shop
Shoals:2: layout_shoals, serial_shops, shop, uniq_ilsuiw
Shoals:3: layout_shoals, uniq_polyphemus
Shoals:4: shoals_end_hangedman, layout_shoals, shoals_ilsuiw_alternative,
          serial_shops, shop, argonaut_gorgonesque, uniq_roxanne, uniq_louise,
          uniq_aizul, uniq_kirke
Orc:1:    layout_diamond_mine
Orc:2:    grunt_orc_gardens, layout_caves, grunt_orc_garden, grunt_orc_garden,
          grunt_orc_garden, grunt_orc_garden, serial_shops, nicolae_shop_trees,
          gammafunk_ghost_fury_of_okawaru, uniq_rupert, uniq_josephine

Skill      XL: |  1  2  3  4  5  6  7  8  9 10 11 12 13 14 15 16 |
---------------+-------------------------------------------------+-----
Fighting       | 1 2 3 4 5 6 7 8 10 11 | 11.2
Transmutations | 2 3 4 5 7 8 9 10 | 10.2
Dodging        | 2 3 4 5 6 7 9 10 11 | 11.3
Conjurations   | 1 2 3 4 5 6 8 |  8.3
Spellcasting   | 2 3 4 5 6 7 8 9 10 | 10.3
Unarmed Combat | 3 4 5 6 7 8 9 10 11 | 11.4
Armour         | 3 5 |  5.2
Necromancy     | 4 7 11 14 15 | 15.1

Action                     |  1- 3 |  4- 6 |  7- 9 | 10-12 | 13-15 | 16-18 || total
---------------------------+-------+-------+-------+-------+-------+-------++-------
  Melee: Unarmed           |    84 |   117 |   343 |   505 |  1329 |    97 ||  2475
         Kick              |    16 |    24 |       |       |       |       ||    40
         Headbutt          |    14 |    10 |       |       |       |       ||    24
         Punch             |       |       |     5 |    45 |   106 |     8 ||   164
   Cast: Beastly Appendage |    26 |    20 |       |       |       |       ||    46
         Wereblood         |     3 |    10 |    23 |    27 |    73 |     6 ||   142
         Ice Form          |       |     7 |    30 |     3 |     2 |       ||    42
         Blade Hands       |       |       |     7 |    72 |   156 |    11 ||   246
         Fireball          |       |       |       |       |     9 |     5 ||    14
Ability: End Transformatio |       |       |     1 |     1 |       |       ||     2
  Evoke: Wand              |       |       |       |       |    17 |       ||    17
    Use: Scroll            |     4 |     9 |    18 |     8 |    20 |     2 ||    61
         Potion            |       |       |     4 |    11 |    22 |     8 ||    45
   Stab: Sleeping          |     1 |     2 |     1 |     2 |       |       ||     6
         Invisible         |       |       |       |       |     5 |       ||     5
 Armour: Robe              |    15 |     8 |       |       |       |       ||    23
         Skin              |       |     9 |    82 |     9 |     8 |       ||   108
         Steam dragon scal |       |       |     6 |    33 |       |       ||    39
         Ice dragon scales |       |       |       |    77 |   508 |    70 ||   655
  Dodge: Dodged            |    48 |    57 |   320 |   438 |  1552 |   156 ||  2571
         Repelled          |       |       |       |       |    13 |     5 ||    18
